 Dungeon Crawl Stone Soup version 0.24.0-2-g5b39cebb1c (webtiles) character file.

Game seed: 6152721084528016127, levelgen mode: deterministic

252 Mrkan the Ruffian (level 5, -1/53 HPs)
             Began as a Troll Hunter on Oct 29, 2019.
             Was a Follower of Wu Jian.
             Slain by a gnoll
             ... wielding a +0 halberd
              (10 damage)
             ... on level 3 of the Dungeon.
             The game lasted 00:04:13 (2378 turns).

Mrkan the Ruffian (Troll Hunter)                    Turns: 2378, Time: 00:04:14

Health: -1/53      AC:  6    Str: 20    XL:     5   Next: 89%
Magic:  4/4        EV: 10    Int:  8    God:    Wu Jian [*.....]
Gold:   162        SH:  0    Dex: 10    Spells: 4/4 levels left

rFire    . . .     SeeInvis .   a - +0 short sword
rCold    . . .     Gourm    +   (no shield)
rNeg     . . .     Faith    .   b - +0 robe
rPois    .         Spirit   .   (helmet restricted)
rElec    .         Reflect  .   (no cloak)
rCorr    .         Harm     .   (gloves unavailable)
MR       .....                  (boots unavailable)
Stlth    +.........             (no amulet)
HPRegen  0.57/turn              (no ring)
MPRegen  0.09/turn              (no ring)

@: no status effects
A: large, unfitting armour, claws 3, fast metabolism 3, gourmand, regeneration
1, shaggy fur 1, tough skin 3
a: Renounce Religion


You were on level 3 of the Dungeon.
You worshipped Wu Jian.
Wu Jian was aware of your devotion.
You were completely stuffed.

You visited 1 branch of the dungeon, and saw 3 of its levels.

You collected 162 gold pieces.

Inventory:

Hand Weapons
 a - a +0 short sword (weapon)
Missiles
 c - 5 large rocks (quivered)
 d - 2 throwing nets
 g - 206 stones
Armour
 b - a +0 robe (worn)
Jewellery
 i - an uncursed ring of wizardry {unknown}
 t - an uncursed ring of poison resistance {unknown}
Scrolls
 e - 6 scrolls of identify {unknown}
 h - a scroll of remove curse {unknown}
 k - 3 scrolls of amnesia {unknown}
 n - 2 scrolls of enchant armour {unknown}
 o - 2 scrolls of fear {unknown}
 q - a scroll of immolation {unknown}
 r - a scroll of fog {unknown}
 s - 2 scrolls of teleportation {unknown}
Potions
 j - a potion of flight {unknown}
 l - 3 potions of curing
 m - a potion of might {unknown}
Comestibles
 f - 5 rations
 p - 2 chunks of flesh


   Skills:
 + Level 3.1 Fighting
 - Level 3.6 Throwing
 - Level 1.5 Dodging
 - Level 0.3 Stealth
 * Level 4.7 Unarmed Combat


You had 4 spell levels left.
You didn't know any spells.
Your spell library was empty.

Dungeon Overview and Level Annotations

Branches:
Dungeon (3/15)

Altars:
Wu Jian


Innate Abilities, Weirdness & Mutations

You are too large for most types of armour.
You have claws for hands.
Your metabolism is lightning-fast.
You like to eat raw meat.
Your natural rate of healing is unusually fast.
You are covered in fur. (AC +1)
You have extremely tough skin. (AC +3)


Message History

Okay, then.
Okay, then.
You hit the gnoll.
The gnoll is almost dead.
The gnoll misses you.
You closely miss the gnoll.
The gnoll is almost dead.
The gnoll closely misses you.
You closely miss the gnoll.
The gnoll is almost dead.
The gnoll hits you with a +0 halberd!
* * * LOW HITPOINT WARNING * * *
You barely miss the gnoll.
The gnoll is almost dead.
The gnoll hits you with a +0 halberd.
* * * LOW HITPOINT WARNING * * *
You hit the gnoll but do no damage.
The gnoll is almost dead.
The gnoll hits you with a +0 halberd!
You die...

# #.#.# #..
#.#.#### #.#
#.#.#..... #.#
#.#.###### #o#
# #.#.#
#o#####)#<#.#
#o##........##
#g##.#####...#
#@##.# #.).# #
#.(..# #...# #
####.# #.#.# ##
#.#####.#.# ##.
#.......#.###.#
####.####.^....
#.# ###.###
##.## ##.##
##.#.#######..


You could see an orc warrior, a gnoll and 2 orcs.

Vanquished Creatures
  A bullfrog (D:3)
  An orc priest (D:3)
  4 adders
  4 gnolls
  2 oozes
  2 dart slugs (D:2)
  2 leopard geckos
  9 orcs (D:3)
  A ball python (D:3)
  3 giant cockroaches
  6 goblins
  5 hobgoblins
  9 jackals (D:1)
  A quokka (D:2)
  6 bats
  4 frilled lizards
  3 kobolds
  6 rats
69 creatures vanquished.

Notes
Turn   | Place    | Note
-------+----------+-------------------------------------------
     0 | D:1      | Mrkan the Troll Hunter began the quest for the Orb.
     0 | D:1      | Reached XP level 1. HP: 19/19 MP: 0/0
    86 | D:1      | Reached skill level 1 in Unarmed Combat
   106 | D:1      | Reached XP level 2. HP: 28/28 MP: 1/1
   376 | D:1      | Reached skill level 2 in Unarmed Combat
   490 | D:1      | Reached XP level 3. HP: 10/35 MP: 2/2
  1272 | D:2      | Found an ornate altar of the Wu Jian Council.
  1276 | D:2      | Became a worshipper of the Wu Jian Council
  1541 | D:3      | Reached skill level 3 in Unarmed Combat
  1541 | D:3      | Reached XP level 4. HP: 23/44 MP: 3/3
  1724 | D:3      | Found a faded altar of an unknown god.
  2123 | D:3      | Noticed a bullfrog
  2132 | D:3      | Killed a bullfrog
  2132 | D:3      | Reached * piety under Wu Jian
  2132 | D:3      | Reached skill level 4 in Unarmed Combat
  2132 | D:3      | Reached XP level 5. HP: 43/53 MP: 4/4
  2350 | D:3      | Noticed an orc warrior
  2378 | D:3      | Slain by a gnoll

Levels and vault maps discovered:
D:1:      lightli_arrival_isolated_outpost, layout_loops_ring,
          chequers_big_river
D:2:      layout_basic, marbit_many_paths
D:3:      layout_loops_ring, chequers_ecumenical_altar_simple,
          due_unseen_surprise, uniq_sigmund

Skill      XL: |  1  2  3  4 |
---------------+-------------+-----
Unarmed Combat | 1 2 3 4 |  4.7
Fighting       | 2 3 |  3.1
Throwing       | |  3.6
Dodging        | |  1.5
Stealth        | |  0.3

Action                   |  1- 3 |  4- 6 || total
-------------------------+-------+-------++-------
Melee: Short sword       |   173 |   167 ||   340
       Punch             |     4 |     3 ||     7
Invok: Lunge             |     4 |    13 ||    17
       Whirlwind         |       |     2 ||     2
  Use: Potion            |       |     1 ||     1
  Eat: Chunk             |    20 |     8 ||    28
Armor: Robe              |    89 |    79 ||   168
Dodge: Dodged            |   107 |   107 ||   214
